 Dungeon Crawl Stone Soup version 0.30-a0-55-g90e3122c3a (webtiles) character file.

Game seed: 10200561656670736528

1652 Newt the Cutter (level 8, -4/60 HPs)
             Began as a Demonspawn Gladiator on Sept 9, 2022.
             Was an Initiate of Dithmenos.
             Killed by divine providence
             ... invoked by an orc priest
              (14 damage)
             ... on level 6 of the Dungeon.
             The game lasted 00:08:09 (6297 turns).

Newt the Cutter (Demonspawn Gladiator)              Turns: 6297, Time: 00:08:10

Health: -4/60      AC:  4    Str: 21    XL:     8   Next: 68%
Magic:  8/8        EV: 18    Int:  9    God:    Dithmenos [......]
Gold:   408        SH:  0    Dex: 17    Spells: 7/7 levels left

rFire   . . .      SeeInvis .    a - +5 dagger (drain)
rCold   . . .      Faith    .    u - +0 buckler
rNeg    . . .      Spirit   .    h - +0 leather armour
rPois   .          Reflect  +    c - +0 helmet
rElec   .          Harm     +    m - scarf {harm}
rCorr   .          Rampage  .    (no gloves)
Will    .....                    (no boots)
Stlth   +.........               t - amulet of reflection
HPRegen 0.20/turn                A - +4 ring of evasion
MPRegen 0.11/turn                B - +6 ring of strength

@: confused, ambrosia-drunk
A: claws 2, foul stench 1, demonic magic 1
a: Renounce Religion


You were on level 6 of the Dungeon.
You worshipped Dithmenos.
Dithmenos was noncommittal.
You visited 2 branches of the dungeon, and saw 7 of its levels.

You collected 408 gold pieces.

Inventory:

Hand Weapons
 a - a +5 dagger of draining (weapon)
 b - a +0 sling
 k - a +0 rapier
 F - a +1 short sword of venom
Missiles
 d - 5 throwing nets
 e - a javelin
 j - 11 poisoned darts (quivered)
 C - 3 datura-tipped darts
 G - 5 atropa-tipped darts
Armour
 c - a +0 helmet (worn)
 h - a +0 leather armour (worn)
 m - a scarf of harm (worn)
 r - a +0 cloak
 u - a +0 buckler (worn)
Jewellery
 p - a ring of ice
 t - an amulet of reflection (around neck)
 A - a +4 ring of evasion (left claw)
 B - a +6 ring of strength (right claw)
 D - an amulet of the acrobat
 E - a ring of magical power
Scrolls
 g - a scroll of silence
 i - a scroll of summoning
 s - 2 scrolls of immolation
 x - 3 scrolls of blinking
 y - a scroll of magic mapping {unknown}
 z - a scroll of torment
 I - a scroll of vulnerability {unknown}
 K - a scroll of butterflies {unknown}
 L - a scroll of enchant weapon
Potions
 f - a potion of attraction
 l - 2 potions of berserk rage
 o - 2 potions of resistance
 q - 3 potions of degeneration
 v - a potion of mutation
 H - a potion of might
 J - a potion of curing


   Skills:
 - Level 4.0 Fighting
 + Level 7.0 Short Blades
 - Level 1.7 Throwing
 - Level 6.0 Dodging
 - Level 5.0 Stealth


You had 7 spell levels left.
You didn't know any spells.
Your spell library contained the following spells:

 Spells                   Type           Power      Damage    Failure   Level
 Beastly Appendage        Tmut           0%         N/A       54%         1
 Poisonous Vapours        Pois/Air       0%         N/A       69%         2
 Wereblood                Tmut           0%         N/A       69%         2
 Confusing Touch          Hex            0%         N/A       89%         3
 Gell's Gravitas          Tloc           0%         N/A       89%         3
 Lesser Beckoning         Tloc           0%         N/A       89%         3
 Spider Form              Tmut/Pois      0%         N/A       89%         3
 Teleport Other           Tloc           0%         N/A       89%         3
 Corpse Rot               Necr/Pois/Air  0%         N/A       100%        4
 Yara's Violent Unravell  Hex/Tmut       0%         3d3       100%        5
 Enfeeble                 Hex            0%         N/A       100%        7


Dungeon Overview and Level Annotations

Branches:
Dungeon (6/15)             Temple (1/1) D:5

Altars:
Ashenzari
Cheibriados
Dithmenos
Hepliaklqana
Kikubaaqudgha
Nemelex Xobeh
Okawaru
Ru
Sif Muna
Trog
Uskayaw
Vehumet
Yredelemnul

Shops:
D:3 =


Innate Abilities, Weirdness & Mutations

You have very sharp fingernails.
You may rarely emit foul miasma when damaged in melee.
Spells you cast may paralyse adjacent enemies.


Message History

You hit the orc priest but do no damage.
You drain the orc priest.
The orc priest is moderately wounded.
Unknown command.
You hit the orc priest.
The orc priest is severely wounded.
The orc priest hits you with a +0 flail.
* * * LOW HITPOINT WARNING * * *
You hear some strange, mumbled words.
A magic dart appears from out of thin air!
The magic dart hits you!
* * * LOW HITPOINT WARNING * * *
The orc warrior hits you with a +0 short sword.
* * * LOW HITPOINT WARNING * * *
You emit a cloud of foul miasma!
Unknown command.
You feel much better. The orc priest barely misses you.
Something hits you but does no damage.
The orc warrior is engulfed in dark miasma.
The orc warrior is poisoned.
You kill the orc warrior!
Dithmenos accepts your kill.
Your Short Blades skill increases to level 7!
You closely miss the orc priest.
The orc priest is severely wounded.
The orc priest calls down the wrath of Beogh upon you.
Pain shoots through your body!
* * * LOW HITPOINT WARNING * * *
Something hits you.
* * * LOW HITPOINT WARNING * * *
You are confused.
You feel invigorated. The orc priest closely misses you. Something hits you.
* * * LOW HITPOINT WARNING * * *
Unknown command.
You hit the orc priest but do no damage.
You drain the orc priest.
The orc priest is severely wounded.
The orc priest invokes the aid of Beogh against you.
Beogh smites you!
You die...

..##..#....#
......'....#...#...#
......#....#...#...+
..<...#....#...#...#
......#....#...#...#
..##..#....#.(.#...#
..##<.#....#...#)..#
...#..#....#...#o..#
...#..#....'...#@○.#
..#####....#...#.{.#
###........#...#...#
...........#...#..##
.......#####...'..#
.......'...+...#..#
.......#...#...#..#
###....#...#...#..+
..#....#...#...#..#


You could see an orc priest (very drained).

Vanquished Creatures
  Menkaure (D:4)
  A water moccasin (D:6)
  An orc warrior (D:6)
  2 ice beasts (D:6)
  A sky beast (D:6)
  2 ogres
  2 necrophages
  2 scorpions (D:6)
  A howler monkey (D:4)
  4 hounds
  3 jellies
  4 iguanas
  10 gnolls
  7 adders
  A white imp (D:6)
  A worm (D:4)
  3 dart slugs
  7 orcs
  8 bats
  10 endoplasms
  3 giant cockroaches (D:1)
  6 goblins
  5 hobgoblins
  7 kobolds
  A quokka (D:1)
  10 ball pythons
  5 frilled lizards
  7 rats
115 creatures vanquished.

Vanquished Creatures (others)
  A plant (D:1)
1 creature vanquished.

Grand Total: 116 creatures vanquished

Notes
Turn   | Place    | Note
-------+----------+-------------------------------------------
     0 | D:1      | Newt the Demonspawn Gladiator began the quest for the Orb.
     0 | D:1      | Reached XP level 1. HP: 16/16 MP: 1/1
    60 | D:1      | Reached skill level 1 in Stealth
   260 | D:1      | Gained mutation: You have sharp fingernails. [demonic
                  | ancestry]
   260 | D:1      | Reached XP level 2. HP: 22/22 MP: 2/2
  1122 | D:1      | Reached XP level 3. HP: 19/28 MP: 3/3
  1632 | D:2      | Gained mutation: You have very sharp fingernails. [demonic
                  | ancestry]
  1632 | D:2      | Reached XP level 4. HP: 37/37 MP: 4/4
  1721 | D:2      | Found a faded altar of an unknown god.
  2290 | D:3      | Found Hits's Jewellery Shop.
  2558 | D:3      | Reached skill level 3 in Short Blades
  3063 | D:4      | Noticed an ogre
  3073 | D:4      | Killed an ogre
  3074 | D:4      | Reached skill level 4 in Short Blades
  3074 | D:4      | Reached XP level 5. HP: 14/42 MP: 5/5
  3361 | D:4      | Reached XP level 6. HP: 48/48 MP: 6/6
  3637 | D:4      | Reached skill level 5 in Short Blades
  4415 | D:4      | Noticed Menkaure
  4428 | D:4      | Killed Menkaure
  4741 | D:5      | Entered Level 5 of the Dungeon
  4797 | D:5      | Found a staircase to the Ecumenical Temple.
  4813 | D:5      | Gained mutation: Spells you cast may paralyse adjacent
                  | enemies. [demonic ancestry]
  4813 | D:5      | Reached XP level 7. HP: 54/54 MP: 7/7
  4824 | Temple   | Entered the Ecumenical Temple
  4855 | Temple   | Became a worshipper of Dithmenos the Shadowed
  4930 | D:5      | Reached skill level 5 in Stealth
  5637 | D:6      | Reached skill level 5 in Dodging
  5637 | D:6      | Gained mutation: You may rarely emit foul miasma when
                  | damaged in melee. [demonic ancestry]
  5637 | D:6      | Reached XP level 8. HP: 38/60 MP: 8/8
  6113 | D:6      | Reached skill level 6 in Short Blades
  6293 | D:6      | HP: 2/60 [orc warrior/+0 short sword (6)]
  6295 | D:6      | Reached skill level 7 in Short Blades
  6297 | D:6      | Killed from afar by an orc priest

Illustrated notes

Levels and vault maps discovered:
D:1:      dpeg_arrival_signposts, layout_loops_ring, minmay_crystal_water,
          st_stairs_5, serial_bayou_crossing
D:2:      layout_loops_ring, shapermc_ecumenical_altar_mp_highgroup
D:3:      layout_basic, tso_altar, serial_shops, nicolae_shop_waterfront,
          kennysheep_another_room, minmay_vboxes
D:4:      layout_basic, uniq_menkaure
D:5:      layout_cave_pools, minmay_temple_entry_purple_smoke
D:6:      layout_gridville, minmay_fractal_squares_5, uniq_sigmund
Temple:   nicolae_temple_bog_church

Skill      XL: |  1  2  3  4  5  6  7  8 |
---------------+-------------------------+-----
Stealth        | 1 2 4 5 |  5.0
Fighting       | 3 4 |  4.0
Short Blades   | 4 5 7 |  7.0
Dodging        | 5 6 |  6.0
Throwing       | |  1.7

Action                   |  1- 3 |  4- 6 |  7- 9 || total
-------------------------+-------+-------+-------++-------
Melee: Rapier            |    13 |       |       ||    13
       Dagger            |    18 |   201 |   180 ||   399
       Punch             |       |     1 |       ||     1
 Fire: Sling             |    56 |       |       ||    56
Throw: Throwing net      |     1 |     2 |       ||     3
       Dart              |       |     3 |       ||     3
  Use: Scroll            |     2 |     7 |     5 ||    14
       Potion            |     2 |     1 |     4 ||     7
 Stab: Sleeping          |     2 |     7 |     3 ||    12
       Held in net/web   |     1 |     1 |       ||     2
       Distracted        |       |     1 |       ||     1
Armor: Leather armour    |    17 |    28 |    15 ||    60
Dodge: Dodged            |    27 |    88 |    82 ||   197
Block: Buckler           |       |     4 |    45 ||    49
       Reflection        |       |       |     5 ||     5

Table legend: (Time is in decaauts)
 A = Elapsed time spent in this place.
 B = Non-inter-level travel time spent in this place.
 C = Inter-level travel time spent in this place.
 D = Time resting spent in this place.
 E = Time spent auto-exploring this place.
 F = Levels seen in this place.
 G = Mean time per level.
                   A        B        C        D        E       F      G
               +--------+--------+--------+--------+--------+-----+--------+
         Total |   6195 |   6009 |    186 |   1592 |   3523 |   7 |  885.0 |
       Dungeon |   6149 |   5979 |    170 |   1592 |   3505 |   6 | 1024.8 |
        Temple |     46 |     30 |     16 |      0 |     17 |   1 |   46.0 |
               +--------+--------+--------+--------+--------+-----+--------+

Top non-repeatable levels by time:
     D:4: 1799 daAuts
     D:1: 1342 daAuts
     D:2: 959 daAuts
     D:3: 756 daAuts
     D:6: 729 daAuts
     D:5: 562 daAuts
  Temple: 46 daAuts
